 Dungeon Crawl Stone Soup version 0.24.0-13-gcf9b319 (webtiles) character file.

Game seed: 1491838657297943146, levelgen mode: deterministic

496 Fang the Skirmisher (level 7, -3/44 HPs)
             Began as a Gargoyle Berserker on Nov 21, 2019.
             Was a Priest of Trog.
             Slain by Sigmund
             ... wielding a +2 scythe of slicing
              (6 damage)
             ... on level 5 of the Dungeon.
             The game lasted 00:04:40 (3527 turns).

Fang the Skirmisher (Gargoyle Berserker)            Turns: 3527, Time: 00:04:41

Health: -3/44      AC: 16    Str: 22    XL:     7   Next: 15%
Magic:  7/7        EV:  9    Int:  8    God:    Trog [***...]
Gold:   181        SH:  0    Dex:  9    Spells: 6/6 levels left

rFire    . . .     SeeInvis .   m - +0 hand axe (elec)
rCold    . . .     Gourm    .   (no shield)
rNeg     + . .     Faith    .   b - +0 chain mail
rPois    ∞         Spirit   .   (no helmet)
rElec    +         Reflect  .   f - +1 cloak
rCorr    .         Harm     .   (no gloves)
MR       .....                  (no boots)
Stlth    ..........             (no amulet)
HPRegen  0.14/turn              (no ring)
MPRegen  0.10/turn              (no ring)

@: berserk cooldown, slowed, very slow
A: negative energy resistance 1, electricity resistance, unbreathing,
petrification resistance, rot immunity, AC +4
a: Berserk, Trog's Hand, Renounce Religion


You were on level 5 of the Dungeon.
You worshipped Trog.
Trog was most pleased with you.
You were near starving.

You visited 1 branch of the dungeon, and saw 5 of its levels.

You collected 181 gold pieces.

Inventory:

Hand Weapons
 a - a +0 hand axe
 m - a +0 hand axe of electrocution (weapon)
Armour
 b - a +0 chain mail (worn)
 f - a +1 cloak (worn)
Wands
 q - a wand of random effects (15)
Scrolls
 e - a scroll of enchant weapon {unknown}
 i - a scroll of random uselessness {unknown}
 k - 3 scrolls of identify {unknown}
 r - a scroll of amnesia {unknown}
 s - a scroll of remove curse {unknown}
 t - 2 scrolls of blinking {unknown}
 v - a scroll of fear {unknown}
Potions
 d - 2 potions of flight {unknown}
 g - a potion of degeneration {unknown}
 h - 2 potions of might {unknown}
 j - 2 potions of brilliance {unknown}
 l - a potion of ambrosia {unknown}
 n - 2 potions of haste {unknown}
 p - a potion of mutation {unknown}
 u - a potion of invisibility {unknown}
Comestibles
 c - 4 rations


   Skills:
 + Level 5.2 Fighting
 + Level 4.2 Axes
 + Level 4.5 Armour
 + Level 3.3 Dodging


You had 6 spell levels left.
You didn't know any spells.
Your spell library was empty.

Dungeon Overview and Level Annotations

Branches:
Dungeon (5/15)
 Temple: D:4-7

Altars:
Dithmenos
Makhleb
Qazlal
Yredelemnul
The Shining One

Annotations:
D:5 1 transporter, Sigmund


Innate Abilities, Weirdness & Mutations

You are resistant to torment.
Your stone body is resilient. (AC +4)
You are immune to poison.
You resist negative energy. (rN+)
You are resistant to electric shocks. (rElec)
You can survive without breathing.
You are immune to petrification.
You are immune to rotting.


Message History

* * * LOW HITPOINT WARNING * * *
Your chain mail prevents you from hitting something.
You barely miss the scorpion. The scorpion stings you.
* * * LOW HITPOINT WARNING * * *
Something hits you but does no damage. The scorpion stings you.
* * * LOW HITPOINT WARNING * * *
You hit something. You hit the scorpion.
The scorpion stings you but does no damage.
You hear some strange, mumbled words.
A magic dart appears from out of thin air!
The magic dart hits you but does no damage.
Something hits you.
* * * LOW HITPOINT WARNING * * *
x2 The scorpion stings you.
* * * LOW HITPOINT WARNING * * *
You miss something.
Your chain mail prevents you from hitting the scorpion.
The scorpion stings you but does no damage.
Something hits you.
You die...

.. #........
...........$##© #.
.........#8.. #..
........#...
####.##^..#...#(..
#............©#(..
.......{......#$..
.......@s.....#...
...)..).......#8..
.#........<.#.##.
##............###
#........##.....
...#........ ..#.
..####.#.....# .#
.# ####....# ..
#...## .


You could see a scorpion.

Vanquished Creatures
  Blork the orc (D:5)
  A scorpion (D:4)
  Crazy Yiuf (D:2)
  An orc priest (D:4)
  A hound (D:4)
  Ijyb (D:3)
  Natasha (thrice) (D:3)
  A worker ant (D:4)
  4 gnolls (D:2)
  4 adders
  2 oozes
  6 worms
  A dart slug (D:2)
  5 orcs
  6 giant cockroaches
  4 goblins
  7 hobgoblins
  8 kobolds
  9 bats
  5 frilled lizards
  5 rats
76 creatures vanquished.

Notes
Turn   | Place    | Note
-------+----------+-------------------------------------------
     0 | D:1      | Fang the Gargoyle Berserker began the quest for the Orb.
     0 | D:1      | Reached XP level 1. HP: 14/14 MP: 1/1
   159 | D:1      | Reached XP level 2. HP: 19/19 MP: 2/2
   791 | D:2      | Reached XP level 3. HP: 22/24 MP: 3/3
   843 | D:2      | Found a shadowy altar of Dithmenos.
   851 | D:2      | Found a basalt altar of Yredelemnul.
   864 | D:2      | Found a stormy altar of Qazlal.
   864 | D:2      | Found a glowing golden altar of the Shining One.
   914 | D:2      | Reached ** piety under Trog
  1154 | D:2      | Found a runed translucent door.
  1155 | D:2      | Noticed Crazy Yiuf
  1226 | D:2      | Reached XP level 4. HP: 29/29 MP: 4/4
  1229 | D:2      | Reached skill level 4 in Fighting
  1659 | D:2      | Reached XP level 5. HP: 29/33 MP: 5/5
  1958 | D:2      | Killed Crazy Yiuf
  2135 | D:3      | Noticed Ijyb
  2144 | D:3      | Killed Ijyb
  2449 | D:3      | Noticed Natasha
  2450 | D:3      | Killed Natasha
  2450 | D:3      | Reached XP level 6. HP: 39/39 MP: 6/6
  2601 | D:3      | Noticed Natasha
  2606 | D:3      | Killed Natasha
  2762 | D:3      | Noticed Natasha
  2782 | D:3      | Killed Natasha
  2970 | D:4      | Reached *** piety under Trog
  3183 | D:4      | Found a burning altar of Makhleb.
  3185 | D:4      | Noticed an Executioner
  3189 | D:4      | Noticed a neqoxec
  3189 | D:4      | Noticed a hellwing
  3399 | D:4      | Reached skill level 5 in Fighting
  3498 | D:5      | Entered Level 5 of the Dungeon
  3498 | D:5      | Noticed Blork the orc
  3499 | D:5      | Found a transporter.
  3499 | D:5      | Noticed Sigmund
  3509 | D:5      | Killed Blork the orc
  3509 | D:5      | Reached XP level 7. HP: 44/44 MP: 7/7
  3526 | D:5      | HP: 2/44 [scorpion (1)]
  3527 | D:5      | Slain by Sigmund

Levels and vault maps discovered:
D:1:      dpeg_arrival_erosion, layout_basic
D:2:      layout_loops_ring, grunt_temple_overflow_open, first_ration,
          minmay_misc_feat_pillars, minmay_nonomino_d4, uniq_crazy_yiuf_cottage
D:3:      layout_basic, serial_glass, glass_columns_a, glass_columns_c,
          grunt_ministairs_7, chequers_serial_rivers_micro_d, uniq_ijyb,
          uniq_natasha
D:4:      layout_loops_ring, makhleb_altar_promises_db, abandoned_shop,
          hangedman_glass_teeth
D:5:      layout_cave_pools, gammafunk_ghost_arena, roderic_batcave,
          uniq_duvessa, uniq_sigmund, uniq_prince_ribbit1, uniq_blork_the_orc

Skill      XL: |  1  2  3  4  5  6 |
---------------+-------------------+-----
Axes           | 3 4 |  4.2
Dodging        | 2 3 |  3.3
Armour         | 3 4 |  4.5
Fighting       | 4 5 |  5.2

Action                   |  1- 3 |  4- 6 |  7- 9 || total
-------------------------+-------+-------+-------++-------
Melee: Hand axe          |   109 |   205 |    17 ||   331
Invok: Berserk           |     1 |     4 |       ||     5
       Trog's Hand       |       |     1 |       ||     1
  Eat: Chunk             |     1 |    11 |       ||    12
Armor: Animal skin       |    42 |    31 |       ||    73
       Chain mail        |       |    59 |     8 ||    67
Dodge: Dodged            |    55 |   113 |     4 ||   172
